 Dungeon Crawl Stone Soup version 0.28.0-45-g0d030f2227 (webtiles) character file.

Game seed: 11578299138984257785

57 pkoi the Gusty (level 3, -4/26 HPs)
             Began as a Demigod Air Elementalist on Apr 11, 2022.
             Killed by divine providence
             ... invoked by an orc priest
              (9 damage)
             ... on level 2 of the Dungeon.
             The game lasted 00:02:29 (2434 turns).

pkoi the Gusty (Demigod Air Elementalist)           Turns: 2434, Time: 00:02:29

Health: -4/26      AC:  3    Str:  9    XL:     3   Next: 50%
Magic:  1/8        EV: 12    Int: 21    God:
Gold:   90         SH:  0    Dex: 14    Spells: 4/5 levels left

rFire   . . .      SeeInvis .   d - +2 dagger (protect)
rCold   . . .      Faith    .   (no shield)
rNeg    . . .      Spirit   .   a - +0 robe
rPois   .          Reflect  .   (no helmet)
rElec   .          Harm     .   (no cloak)
rCorr   .          Rampage  .   g - +0 pair of gloves
Will    .....                   (no boots)
Stlth   ++........              (no amulet)
HPRegen 0.08/turn               (no ring)
MPRegen 0.11/turn               (no ring)

@: no status effects
A: high MP 1, forlorn, divine attributes
a: no special abilities


You were on level 2 of the Dungeon.
You visited 1 branch of the dungeon, and saw 3 of its levels.

You collected 90 gold pieces.

Inventory:

Hand Weapons
 c - a +1 short sword of freezing
 d - a +2 dagger of protection (weapon)
 i - a +2 dagger of holy wrath
Armour
 a - a +0 robe (worn)
 g - a +0 pair of gloves (worn)
Scrolls
 b - a scroll of identify {unknown}
 e - a scroll of immolation {unknown}
 f - a scroll of fear {unknown}
 h - a scroll of teleportation {unknown}


   Skills:
 - Level 1.7 Dodging
 - Level 1.7 Stealth
 - Level 1.7 Spellcasting
 - Level 0.8 Conjurations
 + Level 4.3 Air Magic


You had 4 spell levels left.
You knew the following spells:

 Your Spells              Type           Power      Damage    Failure   Level
a - Shock                 Conj/Air       48%        1d6       5%          1

Your spell library contained the following spells:

 Spells                   Type           Power      Damage    Failure   Level
 Static Discharge         Conj/Air       12%        N/A       8%          2
 Swiftness                Air            20%        N/A       8%          3
 Passwall                 Tmut/Erth      0%         N/A       22%         2
 Airstrike                Air            10%        N/A       26%         4
 Stone Arrow              Conj/Erth      6%         3d7       36%         3


Dungeon Overview and Level Annotations

Branches:
Dungeon (3/15)


Innate Abilities, Weirdness & Mutations

You have an increased reservoir of magic. (+10% MP)
You shall have no god before yourself.
Your divine heritage dramatically boosts your attributes as you level up.


Message History

The orc priest is lightly wounded.
An orc comes into view. It is wielding a +0 short sword.
The zap misses the orc priest.
An orc comes into view. It is wielding a +0 hand axe.
The zap misses the orc priest.
The zap hits the hobgoblin.
The hobgoblin is heavily wounded.
The zap hits the orc priest.
The orc priest is heavily wounded.
The zap hits the hobgoblin.
The hobgoblin is almost dead.
The orc priest barely misses you.
The zap hits the orc priest.
The orc priest is almost dead.
The zap hits the hobgoblin.
You kill the hobgoblin!
The orc priest hits you but does no damage.
The zap hits the orc priest.
The orc priest is almost dead.
The zap hits the orc.
The orc is severely wounded.
You feel a bit more experienced.
The orc priest hits you but does no damage.
The zap hits the orc priest but does no damage.
The orc priest is almost dead.
The zap hits the orc.
You kill the orc!
The orc priest invokes the aid of Beogh against you.
Beogh smites you!
* * * LOW HITPOINT WARNING * * *
You don't have enough magic to cast this spell.
Found a +0 short sword.
The orc priest calls down the wrath of Beogh upon you.
Beogh smites you!
* * * LOW HITPOINT WARNING * * *
There is a stone staircase leading up here.
You climb upwards.
There is a stone staircase leading down here.
The orc priest invokes the aid of Beogh against you.
Beogh smites you!
You die...

#................######.......
#................##...........
#................#...#.##.....
#................#.###..#.....
#........#.........#..[.##....
#.....<..#.......##...8.......
#........#.......#.##.(..#...#
##..................#.÷###....
#(..........@......##.#......
#.........#o.................
#.........#.#................
########....#......÷.........
#...............#.........
#...................#.....
#####...................#.....
#.......................#.....
#.......................#.....


You could see an orc priest.

Vanquished Creatures
  An adder (D:3)
  A worm (D:3)
  2 dart slugs
  3 orcs (D:3)
  4 endoplasms
  A giant cockroach (D:2)
  3 goblins (D:1)
  2 hobgoblins
  3 jackals (D:2)
  4 kobolds
  A quokka (D:1)
  3 ball pythons
  3 bats
  A frilled lizard (D:3)
  2 rats
34 creatures vanquished.

Notes
Turn   | Place    | Note
-------+----------+-------------------------------------------
     0 | D:1      | pkoi the Demigod Air Elementalist began the quest for the
                  | Orb.
     0 | D:1      | Reached XP level 1. HP: 14/14 MP: 5/5
   178 | D:1      | Reached skill level 3 in Air Magic
   713 | D:1      | Reached XP level 2. HP: 20/20 MP: 5/7
  1413 | D:2      | You fall into a shaft and drop 1 floor!
  1680 | D:3      | Reached XP level 3. HP: 26/26 MP: 5/8
  1721 | D:3      | Reached skill level 4 in Air Magic
  2112 | D:2      | Got Voruet's Handbook of the Birds and Clay
  2434 | D:2      | Killed from afar by an orc priest

Illustrated notes

Levels and vault maps discovered:
D:1:      lightli_arrival_boilingwater, layout_loops_cross
D:2:      layout_basic, hellmonk_ecumenical_altar_arch_garden,
          minmay_pentomino_z4
D:3:      layout_basic, uniq_grinder

Skill      XL: |  1  2  3 |
---------------+----------+-----
Air Magic      | 3 4 |  4.3
Dodging        | |  1.7
Stealth        | |  1.7
Spellcasting   | |  1.7
Conjurations   | |  0.8

Action                   || total
-------------------------++-------
Melee: Short sword       ||     8
       Dagger            ||    12
 Cast: Shock             ||    70
 Stab: Sleeping          ||     1
Armor: Robe              ||    12
Dodge: Dodged            ||    25
